 Dungeon Sprint DCSS version 0.21.1-1-g345015f (webtiles) character file.

3900000 Fang the Axe Maniac (level 23, -31/240 HPs)
             Began as a Minotaur Gladiator on May 3, 2018.
             Was the Champion of Makhleb.
             Annihilated by a meat berserker
             ... wielding a +9 battleaxe
              (72 damage)
             ... in the Dungeon (Sprint VIII: "Arena of Blood").
             The game lasted 00:00:37 (39 turns).

Fang the Axe Maniac (Minotaur Gladiator)              Turns: 39, Time: 00:00:38

Health: -31/240    AC:  6    Str: 26    XL:     23   Next: 99%
Magic:  19/53      EV: 32    Int:  5    God:    Makhleb [******]
Gold:   0          SH:  0    Dex: 15    Spells: 76/76 levels left

rFire    . . .     SeeInvis .   l - +∞ Axe of Woe
rCold    . . .     Gourm    .   (shield currently unavailable)
rNeg     . . .     Faith    .   b - +0 leather armour
rPois    .         Spirit   .   c - +0 hat
rElec    .         Reflect  .   (no cloak)
rCorr    .         Harm     .   (no gloves)
MR       +....     NoTele   +   (no boots)
Stlth    +++++++++.             (no amulet)
HPRegen  0.50/turn              (no ring)
MPRegen  0.33/turn              (no ring)

@: no status effects
A: retaliatory headbutt, horns 2
a: Minor Destruction, Lesser Servant of Makhleb, Major Destruction, Greater
Servant of Makhleb, Renounce Religion


You were in the Dungeon.
You worshipped Makhleb.
Makhleb was exalted by your worship.
You were not hungry.

You visited 1 branch

Inventory:

Hand Weapons
 a - a +0 war axe
 l - the +∞ Axe of Woe (weapon)
   (You found it in the Dungeon)
Missiles
 d - 3 throwing nets (quivered)
Armour
 b - a +0 leather armour (worn)
 c - a +0 hat (worn)
Scrolls
 k - a scroll of blinking
Potions
 e - a potion of curing
 g - a potion of heal wounds
 h - a potion of haste
 i - 2 potions of magic
 j - a potion of berserk rage
Comestibles
 f - a ration


   Skills:
 O Level 27 Fighting
 O Level 27 Axes
 O Level 27 Throwing
 O Level 27 Armour
 O Level 27 Dodging
 O Level 27 Stealth
 O Level 27 Unarmed Combat
 O Level 27 Spellcasting
 O Level 27 Invocations


You had 76 spell levels left.
You didn't know any spells.

Dungeon Overview and Level Annotations

Branches:
Dungeon (1/1)

Altars:
Makhleb

Annotations:
D The Servant


Innate Abilities, Weirdness & Mutations

You reflexively headbutt those who attack you in melee.
You have a pair of horns on your head.


Message History

The meat berserker is engulfed in blazing flames.
The meat berserker rages.
The meat berserker is engulfed in blazing flames.
You hear a shout!
The bag of meat completely misses you.
The meat berserker hits you with a +9 battleaxe!!
The destroyer blinks!
The large abomination hits you.
You hear a shout!
The eight-headed meat hydra calls on the powers of darkness!
The eight-headed meat hydra convulses!
The bag of meat convulses! x3
The meat berserker convulses!
The bag of meat convulses!
The meat berserker convulses!
The bag of meat convulses!
The meat berserker convulses!
The bag of meat convulses!
Your body is wracked with pain!
The bag of meat convulses! x4
The meat berserker convulses!
The bag of meat convulses! x2
The meat berserker hits you with a +9 battleaxe!!!
* * * LOW HITPOINT WARNING * * *
The meat berserker is engulfed in blazing flames.
The meat berserker hits you with a +9 battleaxe!!!!
You die...

. #... ...# ..###oo.
...###.....
...ooo###..........
..o.o_...........
#.oo..#.......#
#_)D.x#........
...#.)x..#%..o%.#.
......._xOxOX.o....
......###xO@oooo..#
..###...§§§O###ooo..
. #....V§§# ....
#......z# .
..%.......
.......@...
.......%...
..........##


You could see The Servant, an eight-headed meat hydra, a destroyer, a sculptor
of flesh, a large abomination, 4 meat berserkers, 2 small abominations, 17 bags
of meat and 3 crawling corpses.

Vanquished Creatures
  3 vampire knights (D)
  12 ogres (D)
  2 two-headed ogres (D)
  18 orcs (D)
  2 small abominations (D)
  A large abomination (D)
38 creatures vanquished.

Notes
Turn   | Place    | Note
-------+----------+-------------------------------------------
     0 | D        | Found the +∞ Axe of Woe
     0 | D        | Fang the Minotaur Gladiator began the quest for the Orb.
     0 | D        | Reached XP level 1. HP: 18/18 MP: 0/0
     3 | D        | Noticed a bag of meat
     4 | D        | Became a worshipper of Makhleb the Destroyer
     6 | D        | Noticed a bag of meat
    11 | D        | Killed a bag of meat
    11 | D        | Reached XP level 2. HP: 41/41 MP: 1/1
    11 | D        | Reached XP level 3. HP: 48/48 MP: 2/2
    11 | D        | Reached XP level 4. HP: 56/56 MP: 3/3
    11 | D        | Reached XP level 5. HP: 62/62 MP: 4/4
    11 | D        | Reached XP level 6. HP: 70/70 MP: 5/5
    11 | D        | Reached XP level 7. HP: 77/77 MP: 6/6
    11 | D        | Reached XP level 8. HP: 83/83 MP: 7/7
    11 | D        | Reached XP level 9. HP: 90/90 MP: 8/8
    11 | D        | Reached XP level 10. HP: 97/97 MP: 9/9
    11 | D        | Reached XP level 11. HP: 104/104 MP: 10/10
    12 | D        | Noticed a bag of meat
    12 | D        | Noticed a meat berserker
    12 | D        | Noticed a bag of meat
    12 | D        | Noticed a bag of meat
    12 | D        | Noticed a bag of meat
    13 | D        | Noticed a bag of meat
    13 | D        | Noticed a bag of meat
    13 | D        | Killed a meat berserker
    13 | D        | Reached * piety under Makhleb
    13 | D        | Reached skill level 15 in Fighting
    13 | D        | Reached XP level 12. HP: 119/119 MP: 11/11
    13 | D        | Reached XP level 13. HP: 126/126 MP: 12/12
    14 | D        | Noticed a meat berserker
    15 | D        | Noticed a meat berserker
    15 | D        | Killed a bag of meat
    15 | D        | Reached skill level 27 in Axes
    15 | D        | Reached XP level 14. HP: 137/137 MP: 13/13
    16 | D        | Noticed a bag of meat
    17 | D        | Noticed a bag of meat
    17 | D        | Killed a meat berserker
    17 | D        | Reached skill level 27 in Dodging
    17 | D        | Reached XP level 15. HP: 155/155 MP: 14/14
    17 | D        | Reached ** piety under Makhleb
    18 | D        | Noticed a meat berserker
    19 | D        | Reached XP level 16. HP: 176/182 MP: 15/15
    20 | D        | Killed a meat berserker
    20 | D        | Reached *** piety under Makhleb
    20 | D        | Reached skill level 27 in Fighting
    20 | D        | Reached skill level 27 in Throwing
    20 | D        | Reached XP level 17. HP: 185/191 MP: 15/23
    21 | D        | Noticed a destroyer
    22 | D        | Noticed a large bag of meat
    22 | D        | Noticed a meat berserker
    22 | D        | Noticed a destroyer
    22 | D        | Reached skill level 10 in Unarmed Combat
    23 | D        | Noticed a large bag of meat
    23 | D        | Killed a meat berserker
    23 | D        | Reached skill level 15 in Armour
    24 | D        | Noticed a meat berserker
    25 | D        | Killed a destroyer
    25 | D        | Reached **** piety under Makhleb
    25 | D        | Reached skill level 15 in Stealth
    25 | D        | Reached XP level 18. HP: 191/200 MP: 15/33
    26 | D        | Noticed a meat berserker
    27 | D        | Noticed a meat berserker
    27 | D        | Noticed a meat berserker
    28 | D        | Killed a meat berserker
    28 | D        | Reached XP level 19. HP: 207/207 MP: 16/34
    28 | D        | Reached ***** piety under Makhleb
    28 | D        | Reached skill level 27 in Stealth
    29 | D        | Noticed a meat berserker
    29 | D        | Reached skill level 15 in Spellcasting
    29 | D        | Reached XP level 20. HP: 216/216 MP: 16/38
    30 | D        | Killed a large bag of meat
    30 | D        | Killed a meat berserker
    30 | D        | Reached ****** piety under Makhleb
    30 | D        | Reached skill level 27 in Armour
    30 | D        | Noticed an eight-headed meat hydra
    31 | D        | Noticed a meat berserker
    31 | D        | Noticed a meat berserker
    31 | D        | Noticed a meat berserker
    31 | D        | Killed a destroyer
    31 | D        | Reached skill level 27 in Unarmed Combat
    31 | D        | Reached skill level 27 in Invocations
    31 | D        | Reached XP level 21. HP: 224/224 MP: 16/45
    31 | D        | Noticed a destroyer
    32 | D        | Reached skill level 27 in Spellcasting
    32 | D        | Reached XP level 22. HP: 233/233 MP: 17/52
    33 | D        | Killed a large bag of meat
    33 | D        | Noticed a destroyer
    34 | D        | Reached XP level 23. HP: 213/240 MP: 17/53
    37 | D        | Killed a destroyer
    37 | D        | Noticed The Servant
    39 | D        | Annihilated by a meat berserker

Skill      XL: |  1  2  3  4  5  6  7  8  9 10 11 12 13 14 15 16 17 18 19 20 21 |
---------------+----------------------------------------------------------------+-----
Fighting       | 12 15 16 20 26 27 | 27.0
Axes           | 20 25 27 | 27.0
Throwing       | 9 12 13 16 21 27 | 27.0
Dodging        | 18 23 24 27 | 27.0
Armour         | 8 19 20 23 27 | 27.0
Stealth        | 6 15 22 27 | 27.0
Unarmed Combat | 7 17 18 21 27 | 27.0
Spellcasting   | 4 12 15 21 27 | 27.0
Invocations    | 6 16 17 20 27 | 27.0

Action                   |  1- 3 |  4- 6 |  7- 9 | 10-12 | 13-15 | 16-18 | 19-21 | 22-24 || total
-------------------------+-------+-------+-------+-------+-------+-------+-------+-------++-------
Melee: Executioner's axe |     1 |       |       |     1 |     3 |     6 |     4 |     5 ||    20
Armor: Leather armour    |       |       |       |       |       |     1 |       |       ||     1
Dodge: Dodged            |     1 |       |       |       |       |     1 |       |     2 ||     4
